Map: Triton LE

Players

Serral - Winner!

  • Race: Zerg Zerg
  • League: Master
  • Spawn Location: 5:00

GOReynor (Reynor)

  • Race: Zerg Zerg
  • League: Master
  • Spawn Location: 11:00

Event: HomeStory Cup XX

VOD

Have the link to the VOD?

Description

Time

  • Played on: Nov. 24, 2019, 5:19 p.m.
  • Length: 10:01

All games in this series

Show
View Real Time Build Order
Export as new Build Order

Serral Zerg - Winner!

Build Orders: Hatch First 

Get SALT Encoding   

  12  0:00  Drone  
  13  0:12  Overlord  
  13  0:16  Drone  
  14  0:30  Drone x2  
  16  0:48  Hatchery  
  15  0:51  Drone  
  15  0:54  Drone  
  17  0:57  Drone  
  18  1:08  Extractor  
  17  1:12  Spawning Pool  
  17  1:16  Drone  
  17  1:19  Drone  
  18  1:27  Drone  
  19  1:39  Drone  
  20  1:50  Drone  
  21  1:59  Queen x2, Overlord  
  21  2:00  Drone  
  26  2:08  Metabolic Boost  
  26  2:10  Drone x2  
  28  2:21  Drone  
  28  2:22  Zergling x2  
  30  2:33  Hatchery  
  30  2:34  Drone  
  30  2:37  Drone  
  30  2:42  Baneling Nest  
  30  2:44  Drone  
  31  2:46  Zergling x2  
  32  2:54  Overlord  
  32  2:55  Drone  
  33  3:04  Drone  
  35  3:05  Drone  
  35  3:07  Drone  
  36  3:13  Drone x3  
  36  3:14  Zergling x2  
  36  3:15  Overlord  
  36  3:18  Zergling x2  
  41  3:21  Zergling x2  
  41  3:22  Queen  
  41  3:26  Baneling  
  44  3:29  Evolution Chamber  
  44  3:31  Zergling x2  
  44  3:35  Drone  
  44  3:38  Drone  
  44  3:41  Drone x4  
  50  3:42  Drone  
  50  3:45  Baneling  
  50  3:47  Zergling x2  
  52  3:48  Overlord  
  52  3:50  Drone  
  52  3:52  Drone  
  52  3:55  Drone  
  55  3:57  Zerg Missile Weapons Level 1  
  55  4:00  Overlord  
  55  4:04  Overlord  
  55  4:05  Drone  
  55  4:07  Drone  
  57  4:11  Drone x3  
  57  4:15  Drone x3  
  62  4:17  Drone  
  62  4:22  Lair  
  63  4:27  Roach Warren  
  63  4:28  Extractor, Zergling x2  
  63  4:29  Extractor  
  61  4:32  Drone x3  
  64  4:39  Drone x2  
  64  4:40  Drone  
  64  4:41  Drone x2  
  64  4:43  Zergling x2  
  64  4:44  Drone  
  64  4:45  Drone  
  71  4:47  Extractor  
  71  4:49  Drone  
  71  4:53  Drone x4  
  75  5:00  Extractor x2  
  75  5:02  Drone  
  75  5:05  Drone  
  75  5:09  Drone x2  
  76  5:15  Drone x4  
  76  5:20  Overlord  
  76  5:21  Overseer  
  80  5:23  Glial Reconstitution  
  80  5:27  Spire  
  77  5:30  Zergling x8  
  77  5:31  Zergling x2  
  77  5:33  Hatchery  
  77  5:34  Overlord x4  
  81  5:42  Overlord x2  
  81  5:45  Zergling x2  
  82  5:52  Zergling x14  
  83  5:57  Drone x2  
  83  5:58  Drone  
  83  5:59  Zergling x2  
  83  6:00  Zergling x2  
  83  6:02  Baneling  
  88  6:04  Zergling x2  
  88  6:08  Queen  
  89  6:15  Baneling x2  
  85  6:20  Drone x2  
  86  6:27  Overlord  
  86  6:38  Corruptor x9  
  104  6:43  Corruptor  
  104  6:45  Corruptor  
  107  6:53  Corruptor  
  109  6:55  Roach x4  
  109  6:59  Roach x3  
  123  7:03  Roach x2  
  123  7:06  Roach x2  
  129  7:08  Roach  
  129  7:12  Overlord  
  129  7:13  Roach x2  
  129  7:14  Roach  
  131  7:19  Roach  
  131  7:20  Roach  
  133  7:23  Roach  
  133  7:24  Roach  
  133  7:29  Overlord  
  124  7:30  Roach x2  
  124  7:31  Roach x2  
  124  7:34  Roach x2  
  133  7:42  Roach x2  
  135  7:45  Roach  
  135  7:51  Roach  
  137  7:56  Roach x2  
  137  8:04  Roach x2  
  125  8:11  Roach x4  
  127  8:14  Corruptor x2  
  131  8:23  Corruptor x2  
  131  8:25  Corruptor  
  131  8:26  Corruptor  
  139  8:31  Corruptor  
  139  8:33  Roach  
  135  8:35  Roach x2  
  135  8:36  Roach  
  135  8:38  Roach x2  
  141  8:46  Roach x2  
  145  8:48  Roach  
  145  8:55  Roach  
  141  8:56  Roach  
  141  9:00  Corruptor  
  141  9:03  Corruptor x2  
  139  9:10  Corruptor  
  139  9:15  Corruptor  
  139  9:22  Roach  
  139  9:23  Roach x2  
  141  9:24  Roach  
  141  9:26  Roach  
  141  9:30  Roach x2  
  141  9:33  Roach x2  
  141  9:37  Roach x2  
  141  9:39  Roach  
Show
View Real Time Build Order
Export as new Build Order

GOReynor Zerg 

Build Orders: Hatch First 

Get SALT Encoding   

  12  0:00  Drone  
  13  0:12  Overlord  
  13  0:17  Drone  
  14  0:30  Drone x2  
  16  0:48  Hatchery  
  15  0:51  Drone  
  15  0:54  Drone  
  17  0:57  Drone  
  18  1:08  Extractor  
  17  1:12  Spawning Pool  
  17  1:16  Drone  
  17  1:19  Drone  
  18  1:28  Drone  
  19  1:39  Drone  
  20  1:49  Drone  
  21  1:59  Overlord  
  21  2:00  Zergling x2, Queen x2  
  26  2:11  Metabolic Boost, Drone x2  
  28  2:21  Drone  
  28  2:22  Drone  
  30  2:33  Hatchery  
  30  2:36  Drone  
  30  2:38  Drone  
  30  2:43  Drone  
  32  2:46  Baneling Nest  
  32  2:50  Drone  
  32  2:54  Overlord  
  32  3:00  Drone  
  32  3:10  Zergling x4, Drone  
  32  3:12  Zergling x4, Queen  
  37  3:14  Drone  
  37  3:16  Zergling x2  
  41  3:20  Overlord  
  41  3:22  Drone  
  42  3:27  Zergling x2, Evolution Chamber  
  42  3:31  Drone  
  43  3:38  Drone  
  43  3:39  Drone x3  
  47  3:43  Lair  
  47  3:49  Drone x3  
  47  3:53  Overlord  
  47  3:54  Baneling  
  50  3:57  Drone x2  
  50  4:00  Drone  
  50  4:01  Extractor  
  52  4:03  Extractor  
  52  4:04  Drone  
  52  4:07  Zergling x4  
  54  4:12  Zerg Melee Weapons Level 1  
  54  4:13  Drone  
  54  4:16  Drone x2  
  56  4:18  Drone x2  
  56  4:19  Drone  
  56  4:21  Drone  
  61  4:24  Drone x2  
  61  4:26  Drone  
  61  4:29  Drone  
  61  4:30  Extractor  
  62  4:32  Overlord  
  62  4:34  Drone  
  63  4:40  Overlord  
  63  4:42  Drone x2  
  65  4:47  Overlord  
  65  4:51  Spire  
  65  4:52  Drone  
  65  4:53  Drone x2  
  65  4:55  Zergling x4  
  65  4:59  Drone x2  
  72  5:00  Drone  
  72  5:02  Drone  
  72  5:03  Extractor  
  72  5:05  Overlord  
  72  5:10  Drone  
  72  5:12  Zergling x6  
  76  5:17  Zergling x2, Drone  
  76  5:18  Extractor  
  76  5:20  Baneling  
  77  5:23  Zergling x2  
  77  5:24  Overlord  
  77  5:25  Zergling x6  
  77  5:26  Zergling x2  
  77  5:27  Zergling x4  
  83  5:29  Zergling x4  
  83  5:34  Zergling x4  
  87  5:37  Overlord  
  87  5:39  Zergling x4  
  89  5:46  Overlord  
  87  5:50  Zergling x4  
  80  6:01  Drone x3  
  83  6:08  Mutalisk x4  
  89  6:11  Mutalisk x2  
  89  6:15  Mutalisk x4  
  101  6:19  Drone  
  101  6:24  Zerg Flyer Armor Level 1  
  101  6:28  Drone x2  
  101  6:31  Mutalisk  
  101  6:32  Mutalisk  
  106  6:40  Hatchery  
  102  6:48  Zergling x14  
  102  6:50  Mutalisk x3  
  114  6:55  Overlord  
  114  6:56  Mutalisk  
  114  6:59  Baneling x2  
  114  7:00  Zergling x4  
  114  7:01  Zergling x4  
  120  7:12  Zergling x2  
  119  7:18  Overlord  
  119  7:19  Mutalisk x2  
  119  7:20  Mutalisk  
  121  7:24  Zergling x4  
  121  7:26  Mutalisk  
  121  7:29  Zergling x2  
  115  7:31  Zergling x2  
  115  7:33  Mutalisk  
  113  7:37  Zergling x6, Queen  
  113  7:39  Mutalisk  
  113  7:43  Zergling x2  
  111  7:48  Mutalisk  
  109  7:52  Mutalisk  
  109  7:54  Zergling x4  
  108  8:02  Mutalisk  
  108  8:03  Zergling x14  
  108  8:04  Queen x2  
  107  8:06  Mutalisk  
  107  8:07  Zergling x2  
  107  8:10  Queen  
  107  8:12  Zergling x4  
  111  8:15  Mutalisk  
  111  8:16  Zergling x2  
  110  8:21  Zergling x2  
  110  8:22  Zergling x2  
  110  8:24  Mutalisk  
  110  8:26  Zergling x2  
  106  8:34  Mutalisk  
  106  8:36  Zergling x6  
  99  8:46  Mutalisk x2  
  99  8:47  Zergling x6  
  99  8:48  Zergling x4  
  96  8:54  Mutalisk  
  90  8:56  Queen  
  90  9:00  Zergling x6  
  89  9:04  Mutalisk  
  89  9:07  Zergling x2  
  89  9:08  Mutalisk  
  86  9:11  Zergling x2  
  86  9:14  Zergling x4  
  86  9:15  Zergling x4  
  86  9:17  Mutalisk  
  84  9:21  Mutalisk  
  84  9:23  Zergling x2  
  80  9:28  Zergling x4  
  72  9:33  Zergling x6  
  70  9:39  Zergling x2  
Tags
 
Add a new tag
Caveats
  • Supply blocks, unpowered buildings, or Contaminate may cause inaccurate times.
  • Supply counts are checked every 10 seconds.